[Event "*** Titled Tuesday 3|2 Blitz"]
[Site "Chess.com"]
[Date "2017.03.07"]
[Round "9"]
[White "SantoBlue"]
[Black "kleinebeer98"]
[Result "0-1"]
[WhiteElo "2408"]
[BlackElo "2507"]
[TimeControl "180+2"]
[EndTime "15:11:55 PST"]
[Termination "kleinebeer98 won on time"]

1. Nf3 Nf6 2. g3 b5 3. Bg2 Bb7 4. b3 g6 5. Bb2 Bg7 6. c4 a6 7.
O-O O-O 8. Nc3 b4 9. Na4 d6 10. d4 Nbd7 11. d5 c6 12. Ne1 cxd5 13. cxd5 Rc8 14. Nd3 Bxd5 15. Nxb4 Bxg2 16. Kxg2 Nb6 17. Nxb6 Qxb6 18. Nd3 a5 19. Rc1 h5 20. Qd2 h4 21. gxh4 Qb5 22. Qg5 Qb7+ 23. f3 e5 24. Nf2 Nd5 25. Nd3 Qb5 26. Rxc8 Rxc8 27. Rc1 Rxc1 28. Bxc1 Bf6 29. Qg4 Qc6 30. Qc4 Qa8 31.
Qe4 Qb7 32. Bd2 Qb5 33. Qc4 Qb7 34. Qe4 Qb5 35. Nb2 Ne7 36. Bg5 d5 37. Qd3 Qc6 38. Na4 Nf5 39. e4 dxe4 40. fxe4 Bxg5 41. hxg5 Nd4 42.
Nc3 Qe6 43. Qh3 Qc6 44. Qg3 a4 45. bxa4 Qc4 46. h4 Ne2 47. Nxe2 Qxe2+ 48. Kh3 Qxe4 49.
Qa3 Qh1+ 50. Kg3 Qe1+ 51. Kg2 Qxh4 52. a5 Qxg5+ 53. Kf1 Qf4+ 54. Ke1 e4 55. Ke2 Qh2+ 56. Ke1 Qg1+ 57. Ke2 Qg2+ 58. Ke1 Qg1+ 59. Ke2 Qh2+ 60. Ke1 Qh4+ 61. Ke2 Qh5+ 62. Kf2 e3+ 63. Qxe3 Qxa5 64. Qb3 g5 65. a4 Kg7 66. Qb2+ Kg6 67. Qb5 Qd2+ 68. Kf1 g4 69. Qb6+ Kg5 70. Qc5+ f5 71.
Qe7+ Kf4 72. Qc7+ Kf3 73. Qb7+ Kg3 74. Qb3+ Kh2 75. Qb8+ f4 76. Qb1 Qg2+ 77. Ke1 Qg1+ 0-1

[Event "*** Titled Tuesday 3|2 Blitz"]
[Site "Chess.com"]
[Date "2017.03.07"]
[Round "9"]
[White "Shivagami"]
[Black "Schemato"]
[Result "1/2-1/2"]
[WhiteElo "1943"]
[BlackElo "2244"]
[TimeControl "180+2"]
[EndTime "15:12:11 PST"]
[Termination "Game drawn by agreement"]

1. d4 e6 2. Bf4 c5 3. e3 Nf6 4. c3 b6 5. Nf3 Bb7 6. Bd3 d6 7. O-O Be7 8. h3 Nbd7 9. Nbd2 O-O 10. e4 Qc7 11. Re1 e5 12. dxe5 dxe5 13. Bg3 Nh5 14. Bh2 Nf4 15. Bc2 Rad8 16. Qc1 c4 17.
Nxe5 Qxe5 18. Nxc4 Nxh3+ 19. gxh3 Qh5 20. Qe3 Bc5 21.
Qg3 Nf6 22. b4 Be7 23. Rad1 Rxd1 24. Bxd1 Qb5 25. Nd2 Rd8 26. a4 Qd3 27. Nb3 Nxe4 28. Qxd3 Rxd3 29. Bc2 Rxc3 30. Bxe4 Bxe4 31. Rxe4 Kf8 32.
Nd2 Rxh3 33. Rc4 f6 34. Bb8 a6 35. Ne4 Rb3 36. Nd6 g5 37. Rc8+ Kg7 38. Rc7 Kf8 39.
Nc8 Bxb4 40. Nxb6 Ba5 41. Rc8+ Kf7 42. Nd5 Rb1+ 43. Kg2 Bd2 44. Rd8 g4 45. Nc7 Bg5 46. Nxa6 Ra1 47. Nc5 Ra2 48. Rd7+ Kg6 49. Ra7 h5 50. a5 h4 51. Kg1 Ra1+ 52. Kg2 Ra2 53. Ne4 g3 54. a6 Kf5 55. Nd6+ Kg4 56. Ne4 Kf5 57. Nxg3+ hxg3 58. Kxg3 Ra3+ 59. f3 Be3 60. Ra8 Ke6 61. Bf4 Bxf4+ 62. Kxf4 Ra4+ 63. Kg3 Kf5 64. a7 Ra3 65. Kf2 Kf4 66. Rf8 Ra2+ 67. Kf1 Rxa7 68.
Rxf6+ Kg5 69. Rf8 Ra2 70. Rg8+ Kf4 71. Rf8+ Kg5 72. Rb8 Kf4 73. Rb3 Rc2 74. Ra3 Rb2 75.
Rc3 Ra2 76. Rb3 Rc2 77. Rd3 Ra2 78. Rc3 Kg3 79. f4+ Kxf4 80. Rc4+ Ke3 1/2-1/2

[Event "*** Titled Tuesday 3|2 Blitz"]
[Site "Chess.com"]
[Date "2017.03.07"]
[Round "9"]
[White "Fandorine"]
[Black "Matibar"]
[Result "1-0"]
[WhiteElo "2643"]
[BlackElo "2569"]
[TimeControl "180+2"]
[EndTime "15:12:30 PST"]
[Termination "Fandorine won by resignation"]

1. e4 e6 2. d4 d5 3. Bd3 dxe4 4.
Bxe4 Nf6 5. Bf3 Nc6 6. Ne2 e5 7.
Bxc6+ bxc6 8. O-O Bd6 9. dxe5 Bxe5 10. Qxd8+ Kxd8 11. Nbc3 Bf5 12. Bf4 Bxf4 13. Nxf4 Bxc2 14. Rac1 Bf5 15. Rfd1+ Kc8 16. Nce2 Bd7 17. Nd4 Rb8 18.
Nd3 Rd8 19. b3 Bg4 20. Nxc6 Bxd1 21. Nxd8 Be2 22. Nf4 Kxd8 23. Nxe2 Rb6 24. Nd4 g6 25. f3 Kd7 26. Kf2 a6 27. Rc2 Rd6 28. Ne2 Nd5 29. a3 c6 30. g3 Kc7 31. b4 Kb6 32. Rc4 a5 33. bxa5+ Kxa5 34. Nd4 Kb6 35. Nb3 Rd8 36. a4 Kc7 37. Nd4 Ne7 38. Ke3 Ra8 39. Kd3 Kd6 40.
f4 Ra6 41. Nb3 Nd5 42. Nc5 Ra7 43. a5 f5 44. Kd4 Nc7 45. Ra4 Nb5+ 46. Kc4 Nc7 47.
Ra1 Nd5 48. Ra3 Kc7 49. a6 Nb6+ 50. Kd4 Kd6 51. Rb3 Kc7 52. Ke5 Nc4+ 53. Kf6 Na5 54. Rd3 Kb6 55. Rc3 Kb5 56. Ke6 Nc4 57. Nd3 Rxa6 58.
Rb3+ Ka4 59. Nc5+ Ka5 60. Nxa6 Kxa6 61. Kd7 Na5 62. Rb1 c5 63. Kc7 c4 64. Rb6+ Ka7 65. Rb5 Ka6 66. Rb6+ Ka7 67. Rb4 Ka6 68. Kd6 Nb7+ 69.
Kd5 Na5 70. Rb1 Ka7 71. Kd4 Ka6 72. Kc5 Nb3+ 73. Kb4 Nd2 74. Rd1 Nf3 75. h4 Kb6 76. Kxc4 Kc6 77. Ra1 Kd6 78. Ra7 Nd2+ 79. Kd4 Ne4 80. Rxh7 Ke6 81. g4 Nf6 82. Rh6 fxg4 83. Rxg6 Kf5 84. Rxf6+ Kxf6 85. Ke4 Kg6 86. Ke3 Kh5 87. f5 Kxh4 88. f6 Kh3 89. f7 g3 90.
f8=Q 1-0

[Event "*** Titled Tuesday 3|2 Blitz"]
[Site "Chess.com"]
[Date "2017.03.07"]
[Round "9"]
[White "Journey_to_GrandMaster_YT"]
[Black "pedromartinez91"]
[Result "1-0"]
[WhiteElo "2367"]
[BlackElo "2331"]
[TimeControl "180+2"]
[EndTime "15:13:31 PST"]
[Termination "Journey_to_GrandMaster_YT won on time"]

1. Nf3 d5 2. g3 Nf6 3. Bg2 e6 4. O-O Be7 5. c4 O-O 6. d4 dxc4 7. Qc2 a6 8. a4 Bd7 9. Qxc4 b5 10. Qc2 Bc6 11. Bf4 b4 12. Nbd2 Ra7 13. Nb3 Be4 14. Qc4 Bd5 15. Qc2 Be4 16. Qd2 Qd5 17. Nc5 Bxc5 18. dxc5 Nc6 19. Rfd1 Rd8 20. Qxd5 Rxd5 21. Rxd5 Nxd5 22. Bd2 Ra8 23. Bf1 Rd8 24. Ng5 Bg6 25. Bg2 a5 26. h4 Nd4 27. e4 Nb3 28. exd5 Nxa1 29. Bf4 Rxd5 30. Bxd5 exd5 31. Bxc7 Nb3 32. c6 Nc5 33. Bxa5 Nxa4 34. g4 Bd3 35. Bxb4 Nxb2 36. Kg2 Ba6 37. Kf3 Nd3 38. Bd6 f6 39.
Ne6 Kf7 40. Nd4 Ne5+ 41. Kf4 Nc4 42. Bc5 Ne5 43. Bd6 Nc4 44. Bb4 Ne5 45. Ba3 Ng6+ 46. Kg3 Ne7 47. f4 Nc8 48. f5 g6 49. Kf4 Nb6 50. Ne6 Nc4 51. Bc5 Ne5 52. Bd6 Nd3+ 53. Ke3 Ne5 54. Kf4 Nxc6 55. Nc7 Bc8 56. Nxd5 Nd4 57. fxg6+ hxg6 58. Ne3 Ne6+ 59. Kg3 Bb7 60.
Ba3 Nd4 61. Bb2 Nb3 62. Nc4 Nc5 63. Nd6+ Ke6 64. Nxb7 Nxb7 65. Kf4 Nc5 66. Bd4 Nd3+ 67. Ke4 Ne1 68. h5 gxh5 69. gxh5 Ng2 70. h6 Kf7 71. Kf5 Nh4+ 72. Kg4 Ng6 73. Kh5 Nf4+ 74.
Kg4 Ng6 75. Bb2 Nf8 76. Kf5 Nh7 77. Bc3 Ng5 78. Bxf6 Nh7 79. Bc3 Nf8 80. Bg7 Nh7 81. Bc3 Nf8 82. Kg5 Kg8 83. Bg7 Ne6+ 84. Kf6 Nf4 85.
Kf5 Nh5 86. Be5 Kh7 87. Kg5 Ng3 88. Bxg3 Kg8 89. Kg6 1-0

[Event "*** Titled Tuesday 3|2 Blitz"]
[Site "Chess.com"]
[Date "2017.03.07"]
[Round "10"]
[White "TheNextLevelFan"]
[Black "rpragchess"]
[Result "1-0"]
[WhiteElo "2399"]
[BlackElo "2122"]
[TimeControl "180+2"]
[EndTime "15:17:25 PST"]
[Termination "TheNextLevelFan won by resignation"]

1. d4 Nf6 2. c4 e6 3. Nf3 d5 4. Nc3 Be7 5. Bf4 O-O 6. e3 Nbd7 7.
Rc1 c5 8. cxd5 exd5 9. Bd3 b6 10. O-O Bb7 11. Re1 Ne4 12. h3 Ndf6 13. Ne2 c4 14. Bb1 b5 15. Ne5 a5 16. f3 Nd6 17.
Nc3 b4 18. Na4 Nd7 19. Nxd7 Qxd7 20. Nb6 Qb5 21. Nxa8 Bxa8 22. e4 dxe4 23. fxe4 f5 24. exf5 Qd5 25. Qg4 Qxd4+ 26. Be3 Qxb2 27. Bd4 Qxg2+ 28.
Qxg2 Bxg2 29. Rxe7 1-0

[Event "*** Titled Tuesday 3|2 Blitz"]
[Site "Chess.com"]
[Date "2017.03.07"]
[Round "10"]
[White "wnstop"]
[Black "GMCanty"]
[Result "1-0"]
[WhiteElo "2472"]
[BlackElo "2343"]
[TimeControl "180+2"]
[EndTime "15:17:40 PST"]
[Termination "wnstop won by checkmate"]

1. e4 c5 2. Nf3 g6 3. d4 cxd4 4.
Nxd4 Nc6 5. Nc3 Bg7 6. Be3 Nf6 7.
Bc4 O-O 8. Bb3 a5 9. O-O d6 10. f3 Nxd4 11. Bxd4 Bd7 12. a4 Bc6 13. Kh1 Nd7 14.
Bxg7 Kxg7 15. Qd4+ Kg8 16. Nd5 Nc5 17. Ne3 Qb6 18. Ng4 e5 19. Qxd6 Nxb3 20. Qxe5 Qd4 21. Nh6# 1-0

[Event "*** Titled Tuesday 3|2 Blitz"]
[Site "Chess.com"]
[Date "2017.03.07"]
[Round "10"]
[White "Feegus"]
[Black "Jadeit90"]
[Result "1-0"]
[WhiteElo "2384"]
[BlackElo "2140"]
[TimeControl "180+2"]
[EndTime "15:17:44 PST"]
[Termination "Feegus won by resignation"]

1. d4 g6 2. Bf4 Bg7 3. e3 c5 4. c3 cxd4 5. cxd4 Nf6 6. Nc3 O-O 7.
h3 Nc6 8. Nf3 Qa5 9. Bc4 Ne4 10.
Rc1 d5 11. Bb3 Nxc3 12. Rxc3 Be6 13. O-O Rac8 14. Qd2 h6 15. Rfc1 g5 16. Bg3 Qa6 17. Rc5 Rfd8 18. a3 Qb6 19. R1c3 Rd7 20. Qd3 Rcd8 21.
Bc2 f5 22. Rb3 Qc7 23. Bxc7 1-0

[Event "*** Titled Tuesday 3|2 Blitz"]
[Site "Chess.com"]
[Date "2017.03.07"]
[Round "10"]
[White "Grootneus"]
[Black "kereswasbest"]
[Result "1-0"]
[WhiteElo "2150"]
[BlackElo "2045"]
[TimeControl "180+2"]
[EndTime "15:18:11 PST"]
[Termination "Grootneus won by resignation"]

1. e4 e5 2. Nf3 Nc6 3. Bb5 Nf6 4. d3 Bc5 5. c3 O-O 6. O-O d6 7. Nbd2 a6 8. Ba4 b5 9. Bb3 d5 10. exd5 Nxd5 11. Re1 Re8 12. d4 Bb6 13. dxe5 Nf4 14. Ne4 Bg4 15. Qxd8 Raxd8 16. Bxf4 1-0

[Event "*** Titled Tuesday 3|2 Blitz"]
[Site "Chess.com"]
[Date "2017.03.07"]
[Round "10"]
[White "AlexZambrano"]
[Black "quesfr"]
[Result "1-0"]
[WhiteElo "2287"]
[BlackElo "2159"]
[TimeControl "180+2"]
[EndTime "15:18:12 PST"]
[Termination "AlexZambrano won by resignation"]

1. e4 e6 2. d4 d5 3. Nc3 Nf6 4.
Bg5 dxe4 5. Nxe4 Nbd7 6. Nf3 Be7 7. Nxf6+ Bxf6 8. h4 h6 9. Be3 c5 10. Qd2 Qb6 11.
O-O-O O-O 12. c3 e5 13. dxc5 Qc7 14. Qd6 Qa5 15. Bc4 Rd8 16. Qd5 Rf8 17. Ng5 hxg5 18. hxg5 Nb6 19. cxb6 Qxd5 20. Bxd5 Be7 21. bxa7 1-0

[Event "*** Titled Tuesday 3|2 Blitz"]
[Site "Chess.com"]
[Date "2017.03.07"]
[Round "10"]
[White "Buffy7"]
[Black "Astaneh"]
[Result "0-1"]
[WhiteElo "2495"]
[BlackElo "2537"]
[TimeControl "180+2"]
[EndTime "15:18:51 PST"]
[Termination "Astaneh won by resignation"]

1. c4 c6 2. d4 d5 3. Nf3 Nf6 4. Nc3 dxc4 5. a4 Bf5 6. Ne5 Nbd7 7.
Nxc4 Nb6 8. Ne5 e6 9. a5 Nbd7 10. a6 b6 11. Nxd7 Qxd7 12. f3 Be7 13. e4 Bg6 14.
Be3 O-O 15. Be2 Rfd8 16. O-O Qc7 17. Qb3 e5 18. Rfd1 exd4 19. Bxd4 Rxd4 20. Rxd4 Bc5 21. Rd1 Rd8 22. Qc4 Qe5 0-1

[Event "*** Titled Tuesday 3|2 Blitz"]
[Site "Chess.com"]
[Date "2017.03.07"]
[Round "10"]
[White "AlexanderL"]
[Black "CM_Perligero"]
[Result "1-0"]
[WhiteElo "2544"]
[BlackElo "2146"]
[TimeControl "180+2"]
[EndTime "15:18:55 PST"]
[Termination "AlexanderL won by checkmate"]

1. b4 d5 2. Bb2 e6 3. Nf3 Nf6 4. a3 c6 5. e3 Nbd7 6. c4 a5 7. b5 cxb5 8. cxd5 Nxd5 9. Bxb5 Qb6 10. a4 Be7 11. Bxg7 Rg8 12. Bd4 Bc5 13. O-O Bxd4 14.
Nxd4 Qd6 15. Nc3 Nc7 16. Rc1 Ke7 17. Ne4 Qe5 18. Ng3 Nd5 19. Nf3 Qg7 20. d4 h5 21. h4 Qg4 22. Qe2 N7f6 23. Qc2 Nxe3 24. Qc5+ Kd8 25. Qc7# 1-0

[Event "*** Titled Tuesday 3|2 Blitz"]
[Site "Chess.com"]
[Date "2017.03.07"]
[Round "10"]
[White "amaidel"]
[Black "littleozy"]
[Result "0-1"]
[WhiteElo "2429"]
[BlackElo "2313"]
[TimeControl "180+2"]
[EndTime "15:19:14 PST"]
[Termination "littleozy won by resignation"]

1. e4 c5 2. Nf3 d6 3. d4 cxd4 4.
Nxd4 Nf6 5. Nc3 a6 6. f4 e5 7. Nf3 Qc7 8. a4 Nc6 9. Bc4 Nd4 10. Ba2 Bg4 11. Be3 Qb6 12. Bxd4 exd4 13. Qxd4 Qxb2 14. Rb1 Qxc2 15. O-O Rc8 16. Rfc1 Rxc3 17. Rxc2 Rxc2 18. Bb3 Rc7 19. e5 dxe5 20. Qxe5+ Re7 21. Qb8+ Kd7 22. Ne5+ Rxe5 23. fxe5 Bc5+ 24. Kh1 Rxb8 25. exf6 gxf6 0-1

[Event "*** Titled Tuesday 3|2 Blitz"]
[Site "Chess.com"]
[Date "2017.03.07"]
[Round "10"]
[White "Yaacovn"]
[Black "GianmarcoVaR"]
[Result "1-0"]
[WhiteElo "2608"]
[BlackElo "2440"]
[TimeControl "180+2"]
[EndTime "15:19:23 PST"]
[Termination "Yaacovn won by checkmate"]

1. d4 Nf6 2. Nf3 e6 3. c4 b6 4. g3 Bb7 5. Bg2 Bb4+ 6. Bd2 c5 7. O-O O-O 8. Nc3 cxd4 9. Nxd4 Bxg2 10. Kxg2 Qc7 11. b3 d5 12. Ncb5 Qb7 13. Bxb4 dxc4+ 14. Kg1 Rd8 15. e3 Na6 16. Ba3 e5 17. Qf3 Qd7 18. Nc6 e4 19. Ne7+ Kh8 20. Qf5 Qe8 21.
bxc4 Rd7 22. Nc6 Rd3 23. Ne5 Rd2 24. Nd6 Qa4 25. Nexf7+ Kg8 26. Qe6 Nc7 27. Nh6+ Kf8 28. Qf7# 1-0

[Event "*** Titled Tuesday 3|2 Blitz"]
[Site "Chess.com"]
[Date "2017.03.07"]
[Round "10"]
[White "NTBT_DHS"]
[Black "Marreuh"]
[Result "1-0"]
[WhiteElo "2533"]
[BlackElo "2104"]
[TimeControl "180+2"]
[EndTime "15:19:30 PST"]
[Termination "NTBT_DHS won by resignation"]

1. d4 d5 2. c4 e6 3. Nf3 c6 4. g3 dxc4 5. a4 b5 6. Bg2 Bb7 7. O-O Nd7 8. Nc3 a6 9. e4 Ngf6 10. e5 Nd5 11. Ne4 Be7 12. Bg5 f6 13. exf6 N7xf6 14. Nc5 Bxc5 15. dxc5 O-O 16. Re1 h6 17.
Bh4 Qe7 18. Nd4 e5 19. axb5 axb5 20. Rxa8 Bxa8 21. Nf5 Qxc5 22. Rxe5 Ng4 23. Qxg4 g5 24. Bxg5 Ne3 25. Nxh6+ Kh7 26. Be4+ 1-0

[Event "*** Titled Tuesday 3|2 Blitz"]
[Site "Chess.com"]
[Date "2017.03.07"]
[Round "10"]
[White "afgano29"]
[Black "1e41-0"]
[Result "0-1"]
[WhiteElo "2394"]
[BlackElo "2346"]
[TimeControl "180+2"]
[EndTime "15:19:31 PST"]
[Termination "1e41-0 won by resignation"]

1. e4 c5 2. Nf3 e6 3. d4 cxd4 4.
Nxd4 a6 5. Nc3 b5 6. g3 Bb7 7.
Bg2 Nc6 8. Nxc6 Bxc6 9. O-O Ne7 10. Re1 Ng6 11. Nd5 Bc5 12. Qh5 O-O 13. Nf6+ Qxf6 14.
Qxc5 Rac8 15. Qd6 Ne5 16. f4 Nc4 17. Qb4 Qd4+ 18. Kh1 f5 19. b3 Qxa1 20. bxc4 Qxa2 21.
cxb5 axb5 22. Bb2 Qc4 23. Qd6 Bxe4 24. Bxe4 fxe4 25. Qxd7 Rf7 26. Qd6 Qd5 0-1

[Event "*** Titled Tuesday 3|2 Blitz"]
[Site "Chess.com"]
[Date "2017.03.07"]
[Round "10"]
[White "AnthonyWirig"]
[Black "ZEN-22"]
[Result "1-0"]
[WhiteElo "2540"]
[BlackElo "2364"]
[TimeControl "180+2"]
[EndTime "15:19:38 PST"]
[Termination "AnthonyWirig won on time"]

1. d4 c5 2. d5 e6 3. Nc3 b5 4. Nxb5 Qa5+ 5. Nc3 exd5 6. Qxd5 Nc6 7. Qd1 Nf6 8. Bd2 Qb6 9. e4 Bd6 10. Nf3 O-O 11. Bc4 Ba6 12. Bxa6 Qxa6 13. Bg5 Be5 14.
Nxe5 Nxe5 15. Qe2 Qb6 16. Bxf6 gxf6 17. Nd5 Qxb2 18. O-O Ng6 19. Qf3 Kg7 20. c3 1-0

[Event "*** Titled Tuesday 3|2 Blitz"]
[Site "Chess.com"]
[Date "2017.03.07"]
[Round "10"]
[White "JeremDev"]
[Black "plouarzel"]
[Result "1-0"]
[WhiteElo "2234"]
[BlackElo "2328"]
[TimeControl "180+2"]
[EndTime "15:19:48 PST"]
[Termination "JeremDev won by resignation"]

1. e4 e5 2. Nf3 Nc6 3. Bc4 Bc5 4. O-O Nf6 5. d4 exd4 6. e5 d5 7. exf6 dxc4 8. fxg7 Rg8 9. Re1+ Be6 10. Bg5 Be7 11.
Bxe7 Kxe7 12. Nbd2 Qd5 13. c3 d3 14. b3 b5 15. a4 a6 16. axb5 axb5 17. Rxa8 Rxa8 18. bxc4 bxc4 19. Qb1 Kf6 20. Qb7 Ne7 21. Qxc7 Ng6 22. Nd4 Nf4 23. Qxf4+ Kxg7 24. h3 Rg8 25. Re5 Qb7 26.
Rg5+ Kf8 27. Nxe6+ 1-0

[Event "*** Titled Tuesday 3|2 Blitz"]
[Site "Chess.com"]
[Date "2017.03.07"]
[Round "10"]
[White "Ginger_GM"]
[Black "RoelandPruijssers"]
[Result "1-0"]
[WhiteElo "2512"]
[BlackElo "2504"]
[TimeControl "180+2"]
[EndTime "15:19:52 PST"]
[Termination "Ginger_GM won by resignation"]

1. d4 f5 2. h3 e6 3. g4 d5 4. c4 c5 5. gxf5 dxc4 6. e4 Qxd4 7. Nd2 Nf6 8. Ngf3 Qd8 9. e5 Nd5 10. Bxc4 Nc6 11. Rg1 exf5 12. Nb3 Ndb4 13. Qe2 Be7 14. Rxg7 Qc7 15. Bg5 b5 16. Bxb5 Kf8 17.
Bh6 1-0

[Event "*** Titled Tuesday 3|2 Blitz"]
[Site "Chess.com"]
[Date "2017.03.07"]
[Round "10"]
[White "escher"]
[Black "Vegan4future"]
[Result "0-1"]
[WhiteElo "2008"]
[BlackElo "2249"]
[TimeControl "180+2"]
[EndTime "15:19:59 PST"]
[Termination "Vegan4future won by resignation"]

1. e4 e5 2. Nf3 d6 3. d4 exd4 4.
Nxd4 Nf6 5. Nc3 Be7 6. Bc4 O-O 7. O-O Re8 8. Bb3 Nbd7 9. f4 Bf8 10. Qf3 Nc5 11.
Re1 Nxb3 12. axb3 c5 13. Ndb5 Bd7 14. Na3 a6 15. Nc4 b5 16. Ne3 Bc6 17. Ned5 Nxd5 0-1

[Event "*** Titled Tuesday 3|2 Blitz"]
[Site "Chess.com"]
[Date "2017.03.07"]
[Round "10"]
[White "Abrito99"]
[Black "PelinGorki"]
[Result "0-1"]
[WhiteElo "2399"]
[BlackElo "2431"]
[TimeControl "180+2"]
[EndTime "15:20:15 PST"]
[Termination "PelinGorki won by resignation"]

1. e4 d6 2. d4 Nf6 3. Nc3 c6 4. a4 a5 5. Nf3 Bg4 6. h3 Bxf3 7. Qxf3 e6 8. Bg5 Be7 9. Bd3 d5 10. exd5 cxd5 11. O-O Nc6 12. Nb5 O-O 13. Rfe1 h6 14. Bh4 Nb4 15. Rad1 Rc8 16. c3 Nxd3 17. Rxd3 Ne4 18. Bxe7 Qxe7 19. Qd1 Qh4 20. Qc2 f5 21. Re2 f4 22. f3 Ng5 23. Re5 Rf6 24. Qf2 Qh5 25.
h4 Nh3+ 26. gxh3 Qg6+ 27. Kh2 Qxd3 28. h5 Rc6 29. Re1 Rf5 30. Qg2 Rg5 31. Qf2 Rg3 32. Rf1 Qf5 0-1

[Event "*** Titled Tuesday 3|2 Blitz"]
[Site "Chess.com"]
[Date "2017.03.07"]
[Round "10"]
[White "johnathan113"]
[Black "oggy1984"]
[Result "1-0"]
[WhiteElo "2392"]
[BlackElo "2351"]
[TimeControl "180+2"]
[EndTime "15:20:32 PST"]
[Termination "johnathan113 won on time"]

1. d4 d5 2. Nc3 Nf6 3. Bf4 Bf5 4.
f3 e6 5. g4 Bg6 6. h4 h6 7. e3 a6 8. h5 Bh7 9. Bd3 Bxd3 10.
Qxd3 c5 11. Nge2 Nc6 12. Bh2 b5 13. dxc5 Bxc5 14. Nd4 Qb6 15. Nce2 Nxd4 16. exd4 Bd6 17. O-O-O a5 18. Kb1 b4 19. Nf4 a4 20. Qe3 Kd7 21. Nd3 Rhc8 22. Bxd6 Qxd6 23. Ne5+ Ke7 24. g5 hxg5 25.
Qxg5 Rg8 26. Rc1 a3 27. b3 Qc7 28. Qd2 Qc3 29. Qxc3 bxc3 30. Rcg1 Rac8 31. Kc1 Nd7 32. Nd3 Kf6 33. Rh4 Rh8 34. Rf4+ Ke7 35. Rxg7 Rcf8 36. Rh4 Rh6 37. Nf4 Kf6 38. Rg1 Rfh8 39. Kd1 Kf5 40.
Ke2 Nf6 41. Rgh1 Kg5 42. Nh3+ Kxh4 43. Ke3 Rxh5 44. Kf4 Rf5+ 45. Ke3 Nh5 46. Kf2 1-0

[Event "*** Titled Tuesday 3|2 Blitz"]
[Site "Chess.com"]
[Date "2017.03.07"]
[Round "10"]
[White "saraswathii"]
[Black "P0ubelle"]
[Result "1-0"]
[WhiteElo "2151"]
[BlackElo "2036"]
[TimeControl "180+2"]
[EndTime "15:20:39 PST"]
[Termination "saraswathii won by resignation"]

1. e4 e5 2. d3 Nc6 3. Nf3 Nf6 4.
g3 Bc5 5. Bg2 d6 6. O-O Bb6 7.
c3 O-O 8. Nbd2 h6 9. Nc4 Bg4 10. Be3 Qd7 11. Bxb6 axb6 12. Ne3 Bh3 13. Nh4 g6 14.
Qd2 Kh7 15. f4 Bxg2 16. Kxg2 d5 17. fxe5 Ng4 18. Nxd5 Ncxe5 19. h3 c6 20. Nxb6 Qxd3 21. Qxd3 Nxd3 22. hxg4 Rad8 23. b4 Ne5 24. Rad1 Kg7 25.
Rd4 Nxg4 26. Re1 Rxd4 27. cxd4 Rd8 28. d5 Ne5 29. Nf3 Ng4 30. a4 Rd6 31. e5 Rd8 32. d6 h5 33. d7 Kf8 34. e6 fxe6 35.
Rxe6 Kf7 36. Ng5+ Kf8 37. Rxg6 Ne5 38. Ne6+ Ke7 39. Nxd8 Nxg6 40. Nxb7 1-0

[Event "*** Titled Tuesday 3|2 Blitz"]
[Site "Chess.com"]
[Date "2017.03.07"]
[Round "10"]
[White "Chesstrainer1"]
[Black "rasmussvane"]
[Result "0-1"]
[WhiteElo "2335"]
[BlackElo "2488"]
[TimeControl "180+2"]
[EndTime "15:20:47 PST"]
[Termination "rasmussvane won by resignation"]

1. Nf3 d5 2. d4 Nf6 3. c4 e6 4. g3 Bb4+ 5. Bd2 Be7 6. Bg2 c6 7.
O-O Nbd7 8. Qc2 b6 9. a4 a5 10.
Na3 O-O 11. cxd5 cxd5 12. Nb5 Ba6 13. b4 axb4 14. Qb3 Nb8 15. Ne5 Nfd7 16. Bxb4 Nxe5 17.
dxe5 Nc6 18. Bxe7 Qxe7 19. f4 Qc5+ 20. e3 Bxb5 21. axb5 Na5 22. Qd3 Nc4 23. Kf2 Qxb5 24. Rab1 Ra2+ 25. Kg1 Qc5 26. Rb3 Rd2 27. Qc3 Re2 28.
Qd4 Nxe3 29. Bf3 Qxd4 0-1

[Event "*** Titled Tuesday 3|2 Blitz"]
[Site "Chess.com"]
[Date "2017.03.07"]
[Round "10"]
[White "kikydu96"]
[Black "capatl"]
[Result "0-1"]
[WhiteElo "2323"]
[BlackElo "2340"]
[TimeControl "180+2"]
[EndTime "15:20:47 PST"]
[Termination "capatl won on time"]

1. e4 c5 2. Nf3 e6 3. c3 Nf6 4. e5 Nd5 5. d4 cxd4 6. cxd4 d6 7.
Bc4 Nc6 8. O-O Nb6 9. Be2 Be7 10.
Nc3 O-O 11. Bf4 dxe5 12. dxe5 Qxd1 13. Rfxd1 Nb4 14. a3 N4d5 15. Nxd5 Nxd5 16. Bg3 b6 17. Nd4 Bb7 18. Bf3 Rac8 19. Nb5 a6 20. Nd6 Bxd6 21. exd6 Rfd8 22. Rac1 Kf8 23. Bxd5 Bxd5 24. Rxc8 Rxc8 25. d7 Rd8 0-1

[Event "*** Titled Tuesday 3|2 Blitz"]
[Site "Chess.com"]
[Date "2017.03.07"]
[Round "10"]
[White "proxy6"]
[Black "DrVelja"]
[Result "0-1"]
[WhiteElo "2173"]
[BlackElo "2507"]
[TimeControl "180+2"]
[EndTime "15:20:52 PST"]
[Termination "DrVelja won by resignation"]

1. e4 c5 2. Nf3 e6 3. d4 cxd4 4.
Nxd4 Nf6 5. Nc3 d6 6. Be3 Be7 7. g4 h5 8. g5 Ng4 9. h4 Nxe3 10. fxe3 Nc6 11. Be2 g6 12. Qd2 a6 13. O-O-O Qc7 14.
Nxc6 bxc6 15. Rdf1 d5 16. exd5 cxd5 17. Nxd5 exd5 18. Qxd5 O-O 19. Rxf7 Rxf7 20. Bc4 Bxg5 21. hxg5 Bb7 22. Qxf7+ Qxf7 23. Bxf7+ Kxf7 24. Rh4 Re8 25. Kd2 Re5 26. c4 Rxg5 27. b4 Rg2+ 28. Kd3 Rxa2 29.
b5 axb5 30. cxb5 Bf3 31. Rb4 g5 32. b6 Ra8 33. e4 h4 34. b7 Rb8 35. Kd4 h3 36. Rb2 Bg2 0-1

[Event "*** Titled Tuesday 3|2 Blitz"]
[Site "Chess.com"]
[Date "2017.03.07"]
[Round "10"]
[White "poummba"]
[Black "jcgs1030"]
[Result "1-0"]
[WhiteElo "2358"]
[BlackElo "2277"]
[TimeControl "180+2"]
[EndTime "15:20:55 PST"]
[Termination "poummba won by resignation"]

1. e4 c5 2. Na3 Nc6 3. Bb5 Nd4 4.
Ba4 Nf6 5. c3 Ne6 6. e5 Nd5 7.
Nf3 g6 8. d4 cxd4 9. O-O Bg7 10. Bb3 Nec7 11. Qxd4 d6 12. Bxd5 dxe5 13. Bxf7+ Kxf7 14.
Nxe5+ Bxe5 15. Qxe5 Re8 16. Bg5 Qd6 17. Rfe1 Qxe5 18.
Rxe5 Be6 19. Rae1 Rad8 20. Nc2 Rd5 21. Nd4 Rxe5 22. Rxe5 Bxa2 23. Ra5 Bd5 24. Rxa7 e5 25. Nc2 Ne6 26. Nb4 Bxg2 27. Kxg2 Nxg5 28. Rxb7+ Kf6 29.
h4 Ne6 30. Nd5+ Kf5 31. Rxh7 Rf8 32. Re7 Rh8 33. Kg3 Nc5 34. f3 e4 35. b4 1-0

[Event "*** Titled Tuesday 3|2 Blitz"]
[Site "Chess.com"]
[Date "2017.03.07"]
[Round "10"]
[White "Hunninn"]
[Black "Dlugy"]
[Result "1-0"]
[WhiteElo "2442"]
[BlackElo "2653"]
[TimeControl "180+2"]
[EndTime "15:20:56 PST"]
[Termination "Hunninn won by checkmate"]

1. d4 d5 2. Bf4 Bf5 3. e3 e6 4.
Nf3 Nf6 5. Bd3 Bg6 6. O-O Bd6 7. Bg3 O-O 8. c4 Bxd3 9. Qxd3 Bxg3 10. hxg3 c6 11. Nc3 Nbd7 12. e4 dxe4 13. Nxe4 Nxe4 14. Qxe4 Qa5 15. a3 Rad8 16. b4 Qa6 17. Rfc1 h6 18. a4 Qb6 19. Rab1 Qc7 20. b5 c5 21. dxc5 Nxc5 22. Qc2 Rd3 23. Ne1 Ra3 24. Ra1 Rxa1 25. Rxa1 Rd8 26. Rd1 b6 27. Nd3 Qd6 28. Nb2 Qe7 29.
Nd3 Qd6 30. Nb2 Qc7 31. Nd3 Nb7 32. Nb4 Rxd1+ 33. Qxd1 Qxc4 34. Nc6 Nc5 35. Ne7+ Kh7 36. Qd8 h5 37. Qg8+ Kh6 38. Qh8+ Kg5 39. Qxg7# 1-0

[Event "*** Titled Tuesday 3|2 Blitz"]
[Site "Chess.com"]
[Date "2017.03.07"]
[Round "10"]
[White "Outsmiter"]
[Black "peteseeger"]
[Result "0-1"]
[WhiteElo "2090"]
[BlackElo "2118"]
[TimeControl "180+2"]
[EndTime "15:21:02 PST"]
[Termination "peteseeger won by resignation"]

1. e4 e5 2. Nf3 Nc6 3. Bb5 a6 4.
Ba4 Nge7 5. O-O g6 6. c3 Bg7 7.
Re1 O-O 8. d4 exd4 9. cxd4 d6 10. h3 b5 11. Bc2 Bb7 12. Nc3 d5 13. e5 Nb4 14. Bb3 Qd7 15. a3 Nbc6 16. Bf4 Rac8 17. Rc1 Na5 18. Ba2 Nc4 19. Qe2 c5 20. dxc5 Rxc5 21.
Nd4 Rfc8 22. b4 R5c7 23. e6 fxe6 24. Bxc7 Bxd4 25. Bg3 Nxa3 26. Be5 Bxe5 27. Qxe5 Nc4 28. Bxc4 Rxc4 29. Qxe6+ Qxe6 30. Rxe6 Kf7 31. Ree1 Rxb4 32. Ne2 Rc4 33. Rxc4 dxc4 34. Nd4 Nd5 35. Ne6 b4 36. Nc5 Bc8 37. Rc1 Nc3 38. Kf1 a5 39. Ke1 Ke7 40. f3 Kd6 41. Ne4+ Nxe4 42. fxe4 c3 43. Ke2 Ba6+ 44. Ke3 Kc5 45. e5 Kc4 46. e6 b3 47.
e7 Bb5 48. Rf1 b2 0-1